Map: Habitation Station LE (Void)

Players

PiG - Winner!

  • Race: Protoss Protoss
  • League: Grandmaster
  • Spawn Location: 1:00

LisaFanBoy

  • Race: Zerg Zerg
  • League: Grandmaster
  • Spawn Location: 11:00

VOD

Have the link to the VOD?

Description

Time

  • Played on: Dec. 12, 2016, 6:57 p.m.
  • Length: 17:03
Show
View Real Time Build Order
Export as new Build Order

PiG Protoss - Winner!

Build Orders: 1 Gate Expand 

Get SALT Encoding   

  12  0:01  Probe (Chrono Boost)  
  13  0:11  Probe (Chrono Boost)  
  14  0:21  Pylon  
  14  0:22  Probe (Chrono Boost)  
  15  0:39  Gateway, Probe (Chrono Boost)  
  16  0:44  Assimilator  
  17  0:50  Probe (Chrono Boost)  
  17  1:00  Probe (Chrono Boost)  
  18  1:11  Probe (Chrono Boost)  
  19  1:24  Nexus  
  19  1:34  Cybernetics Core  
  19  1:37  Probe (Chrono Boost)  
  20  1:44  Assimilator  
  20  1:47  Probe (Chrono Boost)  
  21  1:56  Pylon  
  21  1:58  Probe (Chrono Boost)  
  22  2:08  Probe (Chrono Boost)  
  22  2:11  Warp Gate  
  22  2:14  Adept (Chrono Boost)  
  25  2:20  Probe  
  26  2:26  Twilight Council  
  26  2:32  Probe  
  26  2:35  Probe  
  28  2:38  Zealot (Chrono Boost)  
  30  2:44  Probe  
  30  2:45  Probe  
  32  2:56  Probe  
  32  2:58  Charge (Chrono Boost)  
  33  3:01  Zealot (Chrono Boost)  
  33  3:03  Probe  
  36  3:08  Probe  
  37  3:14  Probe  
  38  3:20  Probe  
  38  3:25  Probe  
  40  3:28  Zealot (Chrono Boost)  
  40  3:31  Gateway  
  40  3:33  Gateway  
  42  3:39  Mothership Core  
  42  3:40  Probe  
  43  3:53  Probe  
  43  4:00  Probe  
  44  4:05  Probe  
  44  4:06  Pylon  
  45  4:16  Pylon  
  45  4:20  Nexus  
  45  4:29  Zealot x3  
  45  4:31  Probe x2  
  53  4:33  Assimilator  
  53  4:38  Assimilator  
  53  4:43  Probe x2  
  55  4:47  Stargate  
  55  4:49  Zealot, Stargate  
  55  4:50  Zealot  
  59  4:55  Probe x2  
  61  5:07  Probe  
  61  5:08  Probe  
  61  5:12  Zealot  
  61  5:19  Probe  
  62  5:24  Pylon  
  62  5:27  Pylon  
  62  5:31  Pylon  
  62  5:34  Zealot x3  
  68  5:36  Void Ray (Chrono Boost)  
  68  5:40  Void Ray (Chrono Boost)  
  76  5:49  Gateway  
  74  5:58  Zealot x3  
  76  6:06  Probe  
  70  6:14  Probe  
  70  6:18  Gateway x2  
  71  6:22  Gateway  
  71  6:23  Probe  
  68  6:26  Probe  
  68  6:28  Probe  
  66  6:36  Probe  
  66  6:37  Zealot  
  66  6:38  Probe x2, Zealot  
  73  6:48  Probe  
  73  6:49  Probe, Zealot  
  73  6:50  Probe  
  73  6:52  Zealot  
  80  7:03  Zealot x2  
  80  7:08  Templar Archives  
  84  7:10  Zealot  
  84  7:12  Probe, Zealot x2  
  84  7:13  Probe x2  
  93  7:16  Assimilator  
  93  7:18  Assimilator  
  85  7:33  Zealot x5  
  85  7:35  Psionic Storm  
  83  7:45  Probe  
  84  7:52  High Templar x2  
  84  7:57  Probe x2  
  89  7:58  Probe  
  89  8:04  Zealot x5  
  95  8:09  Probe  
  95  8:10  Archon, Probe  
  93  8:17  Gateway, Probe  
  93  8:19  Gateway  
  94  8:21  Probe  
  94  8:22  Probe  
  94  8:26  High Templar x2, Pylon  
  100  8:30  Nexus  
  100  8:32  Pylon x2  
  100  8:34  Pylon x2  
  100  8:40  Archon  
  99  8:45  High Templar x4  
  107  8:53  Archon x2  
  107  9:00  Protoss Air Weapons Level 1, Fleet Beacon  
  107  9:04  High Templar x2, Assimilator  
  107  9:06  High Templar  
  113  9:10  Assimilator, Archon  
  113  9:15  High Templar  
  113  9:16  Zealot  
  117  9:17  Probe  
  117  9:19  Probe  
  117  9:21  Probe  
  117  9:22  Archon  
  117  9:23  Zealot x4  
  128  9:26  Robotics Facility  
  128  9:42  Zealot x4  
  136  9:48  Forge  
  136  9:51  Forge  
  136  9:56  Zealot x4  
  100  10:24  Zealot x8  
  100  10:30  Carrier (Chrono Boost)  
  100  10:31  Carrier (Chrono Boost)  
  98  10:42  Protoss Ground Armor Level 1 (Chrono Boost)  
  96  10:45  Zealot x6  
  96  10:47  High Templar  
  96  10:48  High Templar x2  
  114  10:52  Probe  
  114  10:55  Protoss Ground Weapons Level 1 (Chrono Boost)  
  114  10:56  Gateway  
  115  10:59  Gateway  
  115  11:07  High Templar x3  
  115  11:09  Zealot x3  
  127  11:22  Zealot x3  
  127  11:25  Probe x2  
  134  11:31  High Templar x2  
  139  11:34  Protoss Air Weapons Level 2  
  139  11:45  Archon, Stargate  
  139  11:46  Carrier (Chrono Boost)  
  145  11:47  Carrier (Chrono Boost), Stargate  
  145  11:48  High Templar x2  
  145  11:50  Probe  
  145  11:52  Archon  
  156  11:56  Graviton Catapult  
  156  12:11  Pylon  
  156  12:13  Pylon  
  156  12:15  Pylon  
  156  12:16  Pylon  
  156  12:29  Probe x2  
  156  12:37  Zealot  
  156  12:38  Nexus, Zealot x5  
  156  12:41  Pylon  
  156  12:42  Pylon  
  158  12:50  Observer (Chrono Boost)  
  159  12:52  Protoss Ground Armor Level 2  
  159  12:55  Pylon  
  159  12:57  Protoss Ground Weapons Level 2  
  159  13:01  Carrier (Chrono Boost)  
  159  13:03  Carrier (Chrono Boost)  
  159  13:05  Carrier (Chrono Boost)  
  159  13:09  Immortal (Chrono Boost)  
  173  13:16  Carrier (Chrono Boost)  
  173  13:19  Zealot x4  
  185  13:36  Photon Cannon  
  184  13:43  Robotics Facility  
  184  13:45  Immortal  
  188  14:02  High Templar x4  
  196  14:06  Archon x2  
  194  14:30  Photon Cannon  
  193  14:32  Photon Cannon  
  193  14:34  Photon Cannon  
  193  14:36  Photon Cannon  
  193  14:37  Photon Cannon  
  193  14:42  Photon Cannon  
  193  14:51  Pylon  
  182  14:54  Pylon  
  182  14:57  Photon Cannon  
  182  14:59  Photon Cannon, Immortal x2  
  180  15:09  Pylon  
  180  15:11  Pylon  
  180  15:13  Zealot  
  180  15:15  Photon Cannon  
  180  15:18  Probe  
  180  15:19  Photon Cannon  
  181  15:24  Assimilator  
  181  15:30  Assimilator  
  181  15:35  Carrier (Chrono Boost)  
  153  16:42  Zealot x8  
  169  16:49  Probe  
  170  17:00  Nexus  
Show
View Real Time Build Order
Export as new Build Order

LisaFanBoy Zerg 

Build Orders: Pool First, Swarm Host 

Get SALT Encoding   

  12  0:00  Drone  
  13  0:12  Overlord  
  13  0:17  Drone  
  14  0:31  Drone x2  
  14  0:34  Drone  
  17  0:52  Drone  
  17  0:53  Spawning Pool  
  17  0:56  Drone  
  18  1:11  Hatchery  
  18  1:17  Drone  
  18  1:18  Extractor  
  18  1:19  Drone  
  18  1:40  Zergling x4  
  18  1:42  Queen  
  22  1:50  Overlord  
  22  2:12  Drone x2  
  24  2:17  Queen  
  26  2:23  Metabolic Boost  
  26  2:27  Drone x2  
  28  2:34  Hatchery  
  27  2:40  Drone  
  27  2:41  Drone  
  27  2:43  Drone  
  30  2:47  Drone  
  31  2:53  Overlord  
  31  3:00  Zergling x4  
  33  3:08  Drone x3  
  33  3:12  Spore Crawler  
  35  3:15  Spore Crawler  
  32  3:20  Drone x2  
  32  3:25  Drone x2  
  32  3:26  Drone  
  39  3:28  Drone x2  
  39  3:29  Drone  
  42  3:36  Overlord  
  42  3:37  Drone  
  43  3:45  Overlord  
  43  3:47  Extractor  
  42  3:49  Roach Warren, Lair  
  41  3:58  Drone x2  
  43  4:03  Drone  
  43  4:04  Drone  
  43  4:05  Drone x2, Queen  
  49  4:24  Overlord  
  48  4:29  Roach x5  
  58  4:32  Roach  
  58  4:35  Roach  
  58  4:37  Overlord  
  62  4:43  Roach  
  62  4:44  Zergling x6  
  62  4:45  Zergling x8  
  70  4:51  Roach x2  
  70  5:10  Roach x3  
  70  5:11  Roach  
  70  5:12  Zergling x8  
  81  5:25  Drone  
  81  5:27  Overlord x3  
  81  5:35  Drone  
  81  5:37  Overlord  
  81  5:39  Glial Reconstitution  
  82  5:43  Drone, Evolution Chamber  
  82  5:44  Extractor  
  82  5:45  Drone x5  
  85  5:56  Drone x2  
  87  5:59  Drone x2  
  87  6:04  Drone x3  
  80  6:15  Roach x7  
  81  6:25  Roach x2  
  81  6:31  Extractor  
  81  6:32  Roach x2  
  79  6:36  Drone  
  79  6:37  Drone  
  81  6:41  Drone  
  81  6:42  Hydralisk Den  
  81  6:43  Drone  
  82  6:48  Extractor  
  82  6:49  Drone x2  
  82  6:50  Zerg Missile Weapons Level 1  
  83  6:54  Extractor, Overlord  
  83  7:00  Drone x5  
  83  7:01  Overlord  
  87  7:03  Overlord, Drone x4  
  87  7:06  Overlord  
  91  7:09  Overseer  
  91  7:12  Overlord  
  91  7:20  Hydralisk x2  
  95  7:23  Muscular Augments  
  91  7:33  Hydralisk x4  
  93  7:37  Overlord  
  89  7:46  Hydralisk x2  
  89  7:47  Hydralisk  
  89  7:48  Drone  
  89  7:49  Drone x2  
  89  7:50  Drone x3  
  90  7:55  Drone x4  
  90  7:56  Drone x2  
  86  7:58  Drone  
  86  8:00  Drone  
  86  8:02  Hatchery  
  83  8:12  Hydralisk x5  
  75  8:21  Drone x2  
  75  8:24  Roach x2  
  81  8:27  Roach  
  81  8:29  Roach  
  81  8:32  Roach  
  85  8:36  Roach  
  85  8:41  Roach  
  89  8:44  Queen  
  89  8:45  Queen, Ravager  
  93  8:50  Drone x4  
  93  8:53  Roach  
  98  8:56  Roach x3  
  98  8:58  Overseer  
  104  9:08  Roach  
  104  9:09  Roach x2  
  110  9:17  Overlord  
  110  9:18  Roach x2  
  114  9:26  Zerg Missile Weapons Level 2  
  114  9:27  Roach x2  
  114  9:28  Roach  
  120  9:33  Roach  
  120  9:34  Roach x2  
  126  9:39  Roach x2  
  126  9:40  Roach  
  126  9:44  Roach x3  
  138  9:48  Roach  
  138  9:50  Overlord  
  140  9:55  Roach x5  
  140  9:57  Overlord x2  
  150  10:02  Overlord x3  
  150  10:05  Overlord  
  133  10:18  Hydralisk x4  
  103  10:31  Hydralisk x5  
  103  10:33  Drone  
  110  10:37  Drone x3  
  110  10:39  Drone  
  110  10:42  Drone  
  110  10:43  Drone  
  111  11:03  Spire  
  110  11:07  Hatchery  
  110  11:08  Burrow  
  110  11:10  Infestation Pit  
  109  11:20  Hydralisk x3  
  109  11:22  Roach x6  
  109  11:24  Ravager x2  
  129  11:26  Roach  
  129  11:30  Roach x2  
  135  11:34  Roach x2  
  139  11:42  Roach x3  
  145  11:48  Roach x2  
  149  11:55  Roach x2  
  149  12:01  Swarm Host x4  
  165  12:14  Swarm Host x4  
  177  12:20  Queen  
  177  12:22  Swarm Host x3  
  180  12:29  Drone x3  
  189  12:30  Drone  
  189  12:34  Roach  
  189  12:36  Roach  
  188  12:45  Swarm Host x2  
  194  12:54  Drone x2  
  194  12:57  Roach x3  
  194  12:58  Roach  
  196  13:28  Hydralisk x2  
  200  13:34  Overlord  
  200  13:41  Overlord  
  200  13:48  Hive  
  200  13:53  Roach x15  
  198  14:43  Roach x5  
  198  14:48  Hydralisk x3  
  198  14:53  Overlord  
  198  14:55  Overseer  
  198  14:58  Spire, Zerg Ground Armor Level 1  
  197  15:01  Roach x2  
  187  15:10  Viper x3  
  187  15:11  Viper  
  189  15:14  Hydralisk x4  
  189  15:15  Hydralisk  
  199  15:25  Overlord  
  199  15:41  Extractor  
  199  15:42  Extractor  
  197  15:47  Hatchery  
  192  15:53  Hydralisk x7  
  192  15:56  Drone  
  192  15:57  Drone x3  
  180  16:06  Drone x3  
  173  16:12  Hydralisk x3  
  173  16:13  Hydralisk x7  
  192  16:24  Roach x4  
  142  16:37  Hydralisk  
  142  16:38  Hydralisk x7  
Tags
 
Add a new tag
Caveats
  • Supply blocks, unpowered buildings, or Contaminate may cause inaccurate times.
  • Supply counts are checked every 10 seconds.